Map: Sequencer LE

Players

Islandman - Winner!

  • Race: Zerg Zerg
  • League: Silver
  • Spawn Location: 1:00

Salvite

  • Race: Protoss Protoss
  • League: Silver
  • Spawn Location: 7:00

VOD

Have the link to the VOD?

Description

Time

  • Played on: June 4, 2017, 2:58 a.m.
  • Length: 11:29
Show
View Real Time Build Order
Export as new Build Order

Islandman Zerg - Winner!

Build Orders: Hatch First 

Get SALT Encoding   

  12  0:02  Drone  
  13  0:13  Overlord  
  13  0:21  Drone  
  14  0:36  Drone  
  14  0:38  Drone  
  14  0:39  Drone  
  17  0:57  Hatchery  
  17  1:01  Drone  
  17  1:04  Drone  
  18  1:14  Extractor  
  17  1:22  Spawning Pool  
  17  1:23  Drone  
  17  1:28  Overlord  
  17  2:11  Zergling x2  
  17  2:12  Zergling x4  
  20  2:26  Zergling x6  
  23  2:36  Zergling x2  
  25  2:37  Zergling x2  
  25  2:44  Extractor  
  24  2:58  Drone  
  25  3:00  Queen x2  
  29  3:18  Zergling x2  
  29  3:19  Zergling x10  
  35  3:34  Roach Warren  
  34  3:43  Spore Crawler  
  34  3:46  Spore Crawler  
  34  3:48  Drone x4  
  36  4:01  Overlord  
  36  4:20  Metabolic Boost  
  29  4:57  Roach x4  
  29  4:58  Roach x4  
  40  5:26  Evolution Chamber  
  38  5:32  Roach x3  
  43  5:44  Lair  
  43  5:46  Pneumatized Carapace  
  43  6:01  Drone  
  44  6:04  Overlord  
  44  6:27  Drone  
  44  6:28  Drone x4  
  44  6:29  Drone  
  44  6:30  Burrow  
  50  6:47  Hydralisk Den  
  50  6:50  Drone x3  
  52  7:20  Overlord x3  
  52  7:21  Overlord x2  
  42  7:45  Roach x4  
  42  7:46  Roach x3  
  38  8:06  Roach x4  
  46  8:19  Overseer  
  44  8:29  Drone  
  44  8:30  Drone x5  
  50  8:42  Hydralisk x2  
  54  8:52  Glial Reconstitution  
  54  8:54  Spore Crawler  
  53  8:56  Zerg Missile Weapons Level 1  
  53  9:12  Drone x4  
  57  9:24  Overseer  
  57  9:35  Drone x3  
  60  9:48  Roach x5  
  70  10:11  Hydralisk  
  70  10:12  Hydralisk x3  
  76  10:27  Roach x2  
  61  10:59  Roach x4  
  61  11:00  Roach x2  
Show
View Real Time Build Order
Export as new Build Order

Salvite Protoss 

Build Orders:  

Get SALT Encoding   

  12  0:03  Probe (Chrono Boost)  
  13  0:15  Pylon  
  13  0:18  Probe (Chrono Boost)  
  14  0:30  Probe (Chrono Boost)  
  15  0:39  Gateway  
  16  0:42  Probe (Chrono Boost)  
  16  0:53  Probe (Chrono Boost)  
  17  1:00  Assimilator  
  17  1:04  Probe (Chrono Boost)  
  18  1:14  Probe (Chrono Boost)  
  19  1:25  Probe (Chrono Boost)  
  20  1:27  Pylon  
  20  1:35  Probe (Chrono Boost)  
  20  1:36  Cybernetics Core  
  21  1:47  Zealot  
  21  1:49  Probe (Chrono Boost)  
  23  1:59  Probe (Chrono Boost)  
  24  2:10  Probe (Chrono Boost)  
  24  2:13  Forge  
  25  2:17  Warp Gate  
  25  2:22  Adept  
  27  2:34  Mothership Core (Chrono Boost)  
  28  2:42  Pylon  
  28  2:52  Probe (Chrono Boost)  
  28  2:55  Assimilator  
  29  3:09  Probe (Chrono Boost)  
  29  3:12  Protoss Ground Weapons Level 1  
  30  3:41  Gateway x2  
  30  3:43  Gateway  
  30  3:44  Gateway x2  
  30  3:48  Gateway  
  30  3:52  Gateway  
  30  3:53  Gateway  
  30  4:26  Robotics Facility  
  30  4:31  Zealot x2  
  30  4:32  Zealot  
  28  5:05  Probe (Chrono Boost)  
  28  5:06  Protoss Ground Armor Level 1  
  9  5:15  Probe (Chrono Boost)  
  9  5:26  Probe (Chrono Boost)  
  10  5:36  Warp Prism  
  10  5:37  Probe (Chrono Boost)  
  13  6:00  Probe (Chrono Boost)  
  15  6:12  Probe (Chrono Boost)  
  15  6:24  Probe (Chrono Boost)  
  16  6:36  Probe (Chrono Boost)  
  17  7:08  Probe (Chrono Boost)  
  18  7:19  Stalker  
  18  7:20  Probe (Chrono Boost), Stalker  
  21  7:32  Protoss Shields Level 1  
  21  7:43  Zealot  
  21  7:44  Zealot  
  23  7:54  Probe (Chrono Boost)  
  24  8:02  Pylon  
  24  8:08  Probe (Chrono Boost)  
  21  8:20  Zealot  
  22  8:41  Probe (Chrono Boost)  
  22  8:42  Zealot x2  
  26  8:52  Probe (Chrono Boost)  
  27  8:57  Zealot  
  30  9:02  Probe (Chrono Boost)  
  30  9:13  Probe (Chrono Boost)  
  31  9:37  Zealot x3  
  31  9:38  Zealot  
  37  10:22  Zealot  
  37  10:23  Zealot  
  20  10:51  Zealot  
  20  10:52  Zealot x5  
  20  10:53  Zealot  
  17  11:13  Zealot x2  
  17  11:14  Zealot  
Tags
 
Add a new tag
Caveats
  • Supply blocks, unpowered buildings, or Contaminate may cause inaccurate times.
  • Supply counts are checked every 10 seconds.